 Dungeon Crawl Stone Soup version 0.26-b1-32-g5d43845318 (webtiles) character file.

Game seed: 6808103207981761806

93 Borgoz the Skirmisher (level 4, -1/29 HPs)
             Began as a Gargoyle Berserker on Jan 11, 2021.
             Was a Follower of Trog.
             Slain by an orc (4 damage)
             ... on level 2 of the Dungeon.
             The game lasted 00:01:29 (2439 turns).

Borgoz the Skirmisher (Gargoyle Berserker)          Turns: 2439, Time: 00:01:30

Health: -1/29      AC:  6    Str: 21    XL:     4   Next: 61%
Magic:  4/4        EV: 12    Int:  7    God:    Trog [*.....]
Gold:   67         SH:  0    Dex: 10    Spells: 3/3 levels left

rFire    + . .     SeeInvis .   a - +0 mace
rCold    + . .     Faith    .   (no shield)
rNeg     + . .     Spirit   .   b - +0 animal skin
rPois    ∞         Reflect  .   (no helmet)
rElec    +         Harm     .   i - scarf {rC+ rF+}
rCorr    .         Rampage  .   e - +0 pair of gloves
Will     .....                  (no boots)
Stlth    +.........             (no amulet)
HPRegen  0.09/turn              (no ring)
MPRegen  0.09/turn              (no ring)

@: no status effects
A: negative energy resistance 1, electricity resistance, unbreathing,
petrification resistance, miasma immunity, AC +3
a: Renounce Religion, Berserk


You were on level 2 of the Dungeon.
You worshipped Trog.
Trog was aware of your devotion.
You visited 1 branch of the dungeon, and saw 3 of its levels.

You collected 67 gold pieces.

Inventory:

Hand Weapons
 a - a +0 mace (weapon)
Armour
 b - a +0 animal skin (worn)
 e - a +0 pair of gloves (worn)
 i - a scarf of resistance (worn)
Jewellery
 l - an uncursed ring of magical power {unknown}
Scrolls
 f - a scroll of remove curse
Potions
 c - 2 potions of heal wounds {unknown}
 d - a potion of haste {unknown}
 g - a potion of brilliance {unknown}
 h - a potion of curing {unknown}
 j - a potion of attraction {unknown}
 k - a potion of flight {unknown}


   Skills:
 + Level 3.8 Fighting
 * Level 3.8 Maces & Flails
 + Level 2.9 Armour
 * Level 2.5 Dodging


You had 3 spell levels left.
You didn't know any spells.
Your spell library was empty.

Dungeon Overview and Level Annotations

Branches:
Dungeon (3/15)

Altars:
Elyvilon


Innate Abilities, Weirdness & Mutations

You are resistant to torment.
Your stone body is resilient. (AC +3)
You are immune to poison.
You resist negative energy. (rN+)
You are resistant to electric shocks. (rElec)
You can survive without breathing.
You are immune to petrification.
You are immune to miasma.


Message History

You are too injured to fight recklessly!
You are too injured to fight recklessly!
You are too injured to fight recklessly!
You hit the orc priest but do no damage.
The orc priest is severely wounded.
The orc closely misses you.
The orc priest mumbles some strange prayers to Beogh against you.
Pain shoots through your body!
* * * LOW HITPOINT WARNING * * *
The orc barely misses you. The orc hits you but does no damage.
The orc priest hits you.
* * * LOW HITPOINT WARNING * * *
You are too injured to fight recklessly!
You sock the orc priest!
You kill the orc priest!
Trog accepts your kill. The orc hits you with a +0 flail.
* * * LOW HITPOINT WARNING * * *
The orc hits you.
You die...

###### #.# #.# #....#
#.# #######.# #....# #.#
......#.# #....####.#
......#.# +..........
.......w######....###.(#
$........ ........# #.##
#..o[#########.###...
#..o@†...............
####o.########.######
#..#..............
###..#.######.######
#......# #.....>.
#.#..###### ########
#.#.........
#.#.########
#.#.########


You could see a worm and 3 orcs.

Vanquished Creatures
  2 orc priests (D:2)
  An adder (D:2)
  A worm (D:3)
  A dart slug (D:2)
  2 leopard geckos (D:1)
  3 orcs (D:3)
  6 bats
  7 giant cockroaches
  2 goblins (D:1)
  A hobgoblin (D:1)
  8 jackals (D:1)
  A quokka (D:2)
  4 frilled lizards
  4 rats
43 creatures vanquished.

Notes
Turn   | Place    | Note
-------+----------+-------------------------------------------
     0 | D:1      | Borgoz the Gargoyle Berserker began the quest for the Orb.
     0 | D:1      | Reached XP level 1. HP: 14/14 MP: 1/1
   263 | D:1      | Reached XP level 2. HP: 15/19 MP: 2/2
   788 | D:1      | Reached XP level 3. HP: 23/23 MP: 3/3
  1965 | D:2      | Found a white marble altar of Elyvilon.
  2133 | D:2      | You fall into a shaft and drop 1 floor!
  2157 | D:3      | Reached XP level 4. HP: 27/29 MP: 4/4
  2439 | D:2      | Slain by an orc

Illustrated notes

Levels and vault maps discovered:
D:1:      dpeg_chamrin_arrival_tetris, layout_basic
D:2:      layout_basic, lightli_temple_of_fire, overflow_temple_1_default,
          grunt_ministairs_2, chequers_serial_rivers_marsh, hex_tiny
D:3:      layout_loops_ring, nicolae_gozag_cash_rules_everything_around_me

Skill      XL: |  1  2 |
---------------+-------+-----
Dodging        | 2 |  2.5
Fighting       | |  3.8
Maces & Flails | |  3.8
Armour         | |  2.9

Action                   |  1- 3 |  4- 6 || total
-------------------------+-------+-------++-------
Melee: Mace              |   123 |    21 ||   144
  Use: Scroll            |     1 |       ||     1
Armor: Animal skin       |    73 |     9 ||    82
Dodge: Dodged            |   121 |    28 ||   149
